 Dungeon Crawl Stone Soup version 0.29.1-13-g9f3cf754e1 (webtiles) character file.

Game seed: 15623682481588691246

13 DemonSlayer the Digger (level 2, -1/19 HPs)
             Began as a Demonspawn Earth Elementalist on Jan 23, 2023.
             Slain by a quokka (3 damage)
             ... on level 1 of the Dungeon.
             The game lasted 00:00:50 (433 turns).

DemonSlayer the Digger (DsEE)                        Turns: 433, Time: 00:00:51

Health: -1/19      AC:  2    Str:  8    XL:     2   Next: 24%
Magic:  0/5        EV: 12    Int: 16    God:
Gold:   19         SH:  0    Dex: 13    Spells: 4/5 levels left

rFire   . . .      SeeInvis .   b - +0 dagger
rCold   . . .      Faith    .   (no shield)
rNeg    . . .      Spirit   .   a - +0 robe
rPois   .          Reflect  .   (no helmet)
rElec   .          Harm     .   (no cloak)
rCorr   .          Rampage  .   (no gloves)
Will    .....                   (no boots)
Stlth   ++........              (no amulet)
HPRegen 0.06/turn               (no ring)
MPRegen 0.09/turn               (no ring)

@: no status effects
A: hooves 1
a: no special abilities


You were on level 1 of the Dungeon.
You visited 1 branch of the dungeon, and saw 1 of its levels.

You collected 19 gold pieces.

Inventory:

Hand Weapons
 b - a +0 dagger (weapon)
Armour
 a - a +0 robe (worn)
Scrolls
 d - a scroll of identify {unknown}
 f - a scroll of immolation {unknown}
Potions
 c - 2 potions of curing {unknown}
 e - 2 potions of heal wounds {unknown}


   Skills:
 + Level 1.9 Dodging
 + Level 1.8 Stealth
 + Level 2.2 Spellcasting
 + Level 0.8 Transmutations
 + Level 3.0 Earth Magic


You had 4 spell levels left.
You knew the following spells:

 Your Spells              Type           Power      Damage    Failure   Level
a - Sandblast             Erth           22%        2d7       6%          1

Your spell library contained the following spells:

 Spells                   Type           Power      Damage    Failure   Level
 Passwall                 Tmut/Erth      6%         N/A       14%         2
 Stone Arrow              Conj/Erth      12%        3d7       32%         3
 Petrify                  Tmut/Erth      8%         N/A       65%         4


Dungeon Overview and Level Annotations

Branches:
Dungeon (1/15)

Altars:


Innate Abilities, Weirdness & Mutations

You have large cloven feet.


Message History

A quokka comes into view.
The blast of sand misses the ball python.
The ball python closely misses you. The ball python misses you.
A kobold comes into view. It is wielding a +0 whip.
The blast of sand hits the ball python!
You kill the ball python!
The kobold throws a stone.
The stone closely misses you.
The blast of sand hits the kobold.
The kobold is moderately wounded.
The kobold throws a stone.
The stone barely misses you.
The blast of sand hits the kobold but does no damage.
The kobold is moderately wounded.
A rat comes into view.
The kobold barely misses you.
The rat moves out of view.
The blast of sand hits the kobold but does no damage.
The quokka bites you. The kobold hits you but does no damage.
You are out of magic!
You are out of magic!
You barely miss the kobold. You kick the kobold, but do no damage.
The quokka barely misses you. The kobold misses you.
You barely miss the kobold. You kick the kobold.
The kobold is moderately wounded.
The quokka misses you. The kobold hits you with a +0 whip.
The quokka closely misses you.
You barely miss the kobold.
The kobold is moderately wounded.
The kobold hits you but does no damage. The quokka misses you.
The blast of sand hits the kobold but does no damage.
The kobold is moderately wounded.
The quokka misses you. The kobold closely misses you.
The quokka completely misses you. The kobold hits you with a +0 whip.
You are too injured to fight recklessly!
You are too injured to fight recklessly!
The kobold attacks as you move away! The kobold hits you with a +0 whip.
* * * LOW HITPOINT WARNING * * *
The quokka attacks as you move away! The quokka barely misses you.
The quokka attacks as you move away! The quokka bites you.
* * * LOW HITPOINT WARNING * * *
You miss the quokka. The quokka bites you.
You die...

...##.# #...# #### [##
.#.##.# #...#### .>..
.. .#(##.# #...#..
....#..
......####...#.##.##.#.
...##.............#.?.
.#................#..#
.#.##.............#..#
.#.#..####...#.####..#
.#...## #...#..@rKr.#
[#..##
#(..######....... .#..#
#...# ##...... .#.##
#...# .#.##.# .#.#
##.## .#.# #
.#.########.### .# .
..............#.. .# ##
#..####..##.#.#.###
#..#.....##........


You could see a quokka, a kobold and a rat.

Vanquished Creatures
  A gnoll (D:1)
  A ball python (D:1)
  An endoplasm (D:1)
  A kobold (D:1)
4 creatures vanquished.

Notes
Turn   | Place    | Note
-------+----------+-------------------------------------------
     0 | D:1      | DemonSlayer the Demonspawn Earth Elementalist began the
                  | quest for the Orb.
     0 | D:1      | Reached XP level 1. HP: 13/13 MP: 3/3
    20 | D:1      | Reached skill level 3 in Earth Magic
    20 | D:1      | Gained mutation: You have large cloven feet. [demonic
                  | ancestry]
    20 | D:1      | Reached XP level 2. HP: 19/19 MP: 0/5
   433 | D:1      | Slain by a quokka

Illustrated notes

Levels and vault maps discovered:
D:1:      minmay_arrival_semitransparent, layout_loops_cross,
          nicolae_grassy_gnolls

Skill      XL: |  1 |
---------------+----+-----
Earth Magic    | 3 |  3.0
Dodging        | |  1.9
Stealth        | |  1.8
Spellcasting   | |  2.2
Transmutations | |  0.8

Action                   || total
-------------------------++-------
Melee: Dagger            ||     4
       Kick              ||     2
 Cast: Sandblast         ||    13
  Use: Potion            ||     1
Armor: Robe              ||     3
Dodge: Dodged            ||    16
